AoeStats
← KDPC

Arabia

508436804Analyzed
1v1 RM · 10d ago on Sep 22, 2026· 48m 19s· 2 players
Game mode
Random Map
Map size
Tiny (2 player)
Population
200
Speed
Normal
Resources
Standard
Victory
Conquest
Starting age
Dark Age
Ending age
Imperial Age
RankedLock teamsTeams togetherTeam positionsShared explorationLock speedFull tech treeHidden civsTurbo modeCheats
Victory
Defeat
🇺🇸 Franks · United States
186
+17
🇺🇾 Spanish · Uruguay
216
-17
Proxypiemel
8:41 Loom
10:30 Feudal Age
11:45 Double-Bit Axe
20:36 Scale Barding Armor
21:03 Gold Mining
24:37 Castle Age
27:16 Gold Shaft Mining
26:55 Bow Saw
28:26 Padded Archer Armor
28:33 Husbandry
28:48 Stone Mining
29:40 Crossbowman
31:54 Leather Archer Armor
31:31 Fletching
35:17 Bodkin Arrow
36:11 #83
40:32 Imperial Age
40:33 Wheelbarrow
41:31 Chain Barding Armor
41:53 Hand Cart
41:44 Cavalier
42:34 Chivalry
45:03 Elite Throwing Axeman
KDPC
0:51 Loom
20:59 Feudal Age
21:26 Double-Bit Axe
21:27 Horse Collar
21:15 Man-at-Arms
21:41 Arson
23:58 Wheelbarrow
23:10 Town Watch
24:20 Forging
26:55 Bloodlines
27:15 Scale Mail Armor
27:21 Scale Barding Armor
27:18 Padded Archer Armor
30:28 Fletching
31:41 Gold Mining
31:43 Stone Mining
39:42 Castle Age
40:27 Husbandry
39:49 Light Cavalry
40:44 Bow Saw
40:54 Hand Cart
42:00 Iron Casting
43:08 Stone Shaft Mining
43:30 Elite Skirmisher
44:17 Thumb Ring
45:15 Guard Tower
45:37 Fortified Wall
46:47 Chain Mail Armor
46:53 Chain Barding Armor
47:03 Heavy Plow
47:24 Long Swordsman
47:50 Gambesons
48:08 Squires
Connection lost

Rejoining the realm…

Still unreachable

The connection could not be restored.

Session expired

The server has moved on; the page needs a fresh start.